 Dungeon Crawl Stone Soup version 0.31-a0-1-g4198be8af4 (webtiles) character file.

Game seed: 12496963256748460554

30 cheesebisquit the Grave Robber (level 3, 0/28 HPs)
             Began as a Ghoul Necromancer on Apr 30, 2023.
             Slain by Terence
             ... wielding a +0 flail
              (5 damage)
             ... on level 2 of the Dungeon.
             The game lasted 00:03:26 (1360 turns).

cheesebisquit the Grave Robber (Ghoul Necromancer)  Turns: 1360, Time: 00:03:26

Health: 0/28       AC:  3    Str: 11    XL:     3   Next: 20%
Magic:  3/5        EV: 12    Int: 12    God:
Gold:   78         SH:  0    Dex:  9    Spells: 5/6 levels left

rFire   . .          .
                       - Unarmed
rCold   + . .        (no shield)
rNeg    + + +        a - +1 robe
rPois   ∞            (no helmet)
rElec   .            (no cloak)
rCorr   .            (no gloves)
SInv    .            (no boots)
Will    .....        (no amulet)
Stlth   ++           (no ring)
HPRegen 0.00/turn    (no ring)
MPRegen 0.09/turn

%: no passive effects
@: attractive, inhibited regen
A: claws 1, cold resistance 1, negative energy resistance 3, inhibited
regeneration, torment resistance 2, devour on kill
a: no special abilities


You were on level 2 of the Dungeon.
You visited 1 branch of the dungeon, and saw 2 of its levels.

You collected 78 gold pieces.

Inventory:

Missiles
 e - 8 poisoned darts
Armour
 a - a +1 robe (worn)
Scrolls
 g - a scroll of silence {unknown}
 h - a scroll of teleportation {unknown}
 i - a scroll of magic mapping {unknown}
Potions
 d - a potion of lignification


   Skills:
 + Level 1.1 Fighting
 + Level 2.1 Dodging
 - Level 2.1 Stealth
 + Level 1.1 Unarmed Combat
 + Level 2.0 Spellcasting
 + Level 4.2 Necromancy


You had 5 spell levels left.
You knew the following spells:

 Your Spells              Type           Power      Damage    Failure   Level
a - Necrotise             Necr           44%        1d6       4%          1

Your spell library contained the following spells:

 Spells                   Type           Power      Damage    Failure   Level
 Vampiric Draining        Necr           11%        2d6       14%         3
 Scorch                   Fire           2%         2d5       38%         2
 Animate Dead             Necr           11%        N/A       43%         4
 Agony                    Necr           11%        N/A       80%         5
 Flame Wave               Conj/Fire      1%         2d4       95%         4
 Summon Cactus Giant      Summ           0%         N/A       100%        6


Dungeon Overview and Level Annotations

Branches:
Dungeon (2/15)

Altars:
Nemelex Xobeh

Annotations:
D:2 Terence


Innate Abilities, Weirdness & Mutations

You are immune to poison.
You have sharp fingernails.
Your flesh is cold resistant. (rC+)
You are immune to negative energy. (rN+++)
You do not regenerate when monsters are visible.
You are immune to unholy pain and torment.
You thrive by killing the living.


Message History

A bat and an endoplasm come into view.
The endoplasm quivers.
The bat writhes in agony.
You kill the bat!
The dead are flying!
Terence shouts!
Terence zaps a wand.
The puff of flame hits your bat skeleton!
Your bat skeleton is destroyed!
The endoplasm writhes in agony.
The endoplasm writhes in agony.
You kill the endoplasm!
A bat comes into view.
Terence writhes in agony.
Terence zaps a wand.
The puff of flame misses you.
Terence writhes in agony.
Terence says, "Did you write a will?
You should..."
You closely miss the bat. The bat hits you. Magic courses through your body.
The bat barely misses you. The bat hits you. The bat barely misses you.
Terence writhes in agony.
The bat hits you but does no damage. The bat closely misses you.
Terence hits you with a +0 flail.
Terence struggles to resist.
The bat closely misses you. The bat barely misses you.
Terence hits you with a +0 flail.
Terence writhes in agony.
The bat hits you but does no damage.
Terence zaps a wand.
The puff of flame hits you!
* * * LOW HITPOINT WARNING * * *
You are too injured to fight recklessly!
Okay, then.
Okay, then.
It was a potion of lignification.
You feel woody for a moment. Terence misses you. The bat closely misses you.
It was a potion of attraction.
You feel attractive to monsters. The bat closely misses you.
Terence barely misses you. The bat is attracted toward you.
As you read the scroll labelled JEKLULYFYICIKK, it crumbles to dust.
It is a scroll of enchant armour.
Your +0 robe glows green for a moment.
The bat closely misses you. Terence hits you with a +0 flail.
You die...

#.## #.# #.# #.# #.#
#.# #+# ###.#######
...## #.........##
....###.###.###..#
.....##.# #####''####
......#.####........##
......'..##...§.@....#
......####....b.@....$#
......#
#..............#
.._...#
................
......#
................
.....##
................ #.####
.....⌠$(⌠...... #.###.+
......##....... ......+


You could see Terence and a bat.

Vanquished Creatures
  3 dart slugs
  3 bats
  3 endoplasms
  2 goblins (D:1)
  5 hobgoblins
  A kobold (D:1)
  A ball python (D:1)
  A frilled lizard (D:1)
  3 rats (D:1)
22 creatures vanquished.

Notes
Turn   | Place    | Note
-------+----------+-------------------------------------------
     0 | D:1      | cheesebisquit the Ghoul Necromancer began the quest for the
                  | Orb.
     0 | D:1      | Reached XP level 1. HP: 14/14 MP: 2/2
   129 | D:1      | Reached XP level 2. HP: 13/22 MP: 0/3
   702 | D:1      | Reached skill level 1 in Unarmed Combat
   790 | D:1      | Reached skill level 1 in Fighting
  1135 | D:2      | Reached XP level 3. HP: 28/28 MP: 2/5
  1246 | D:2      | Found a sparkling altar of Nemelex Xobeh.
  1346 | D:2      | Noticed Terence
  1360 | D:2      | Slain by Terence

Illustrated notes

Levels and vault maps discovered:
D:1:      minmay_arrival_split_and_join, layout_basic, grunt_decor_one_mirror,
          minmay_3d_cube
D:2:      kennysheep_big_flooded_room, layout_loops_corners, basic_altar,
          minmay_circle_x, uniq_terence

Skill      XL: |  1  2 |
---------------+-------+-----
Dodging        | 2 |  2.1
Spellcasting   | 2 |  2.0
Unarmed Combat | 1 |  1.1
Fighting       | 1 |  1.1
Stealth        | |  2.1
Necromancy     | |  4.2

Action                     || total
---------------------------++-------
  Melee: Unarmed           ||    34
   Cast: Necrotise         ||    43
    Use: Potion            ||     3
         Scroll            ||     1
 Armour: Robe              ||     7
  Dodge: Dodged            ||    41

Table legend: (Time is in decaauts)
 A = Elapsed time spent in this place.
 B = Non-inter-level travel time spent in this place.
 C = Inter-level travel time spent in this place.
 D = Time resting spent in this place.
 E = Time spent auto-exploring this place.
 F = Levels seen in this place.
 G = Mean time per level.
                   A        B        C        D        E       F      G
               +--------+--------+--------+--------+--------+-----+--------+
         Total |   1360 |   1255 |    105 |      3 |   1080 |   2 |  680.0 |
       Dungeon |   1360 |   1255 |    105 |      3 |   1080 |   2 |  680.0 |
               +--------+--------+--------+--------+--------+-----+--------+

Top non-repeatable levels by time:
     D:1: 1128 daAuts
     D:2: 231 daAuts
